FIQ, neutral male scurrid Tourist ----.-+--- |........| |....d...| |....r...| ---------- FIQ the Rambler Experience level: 1 Strength: 10 Dexterity: 14 Constitution: 14 Intelligence: 15 Wisdom: 8 Charisma: 14 Health: 0(9) Energy: 2(2) Def: 0 Gold: 899 Moves: 31 Dungeon seed: LhHnxDpVnetmpmmr Game ID: FIQ_1498602493 Your Inventory: Coins $ - 899 gold pieces Weapons a - 47 uncursed +2 darts (in quiver) Armor e - an uncursed +0 Hawaiian shirt (being worn) Comestibles b - an uncursed tin of spinach c - 4 uncursed food rations d - an uncursed chestnut f - an uncursed eucalyptus leaf g - an uncursed tripe ration h - an uncursed fortune cookie i - an uncursed pancake Scrolls k - 2 uncursed scrolls of magic mapping l - 2 blessed scrolls of magic mapping Potions j - 2 uncursed potions of extra healing Wands o - an uncursed wand of secret door detection (0:13) Tools m - an uncursed expensive camera (0:65) n - an uncursed credit card p - an uncursed tin opener Spells and supernatural/magical abilities: Name Level Category Fail Memory W - pray for help -- divine ? -- Your skills at the end: Miscellaneous Skills wands [Basic] Weapon Skills dart [Basic] Spellcasting Skills Final Attributes: You were devoutly aligned. You had infravision. You were very stealthy. You are dead. Voluntary challenges: You went without food. You did not adorn yourself with jewelry or accessories. You did not cause conflict. You were not invisible. You did not have reflection. You were not displaced. You were an atheist. You never hit with a wielded weapon. You were a pacifist. You did not use tools. You did not use plumbed fixtures. You did not drink any magical draughts. You were illiterate. You never genocided any monsters. You never polymorphed an object. You never changed form. You used no wishes. You never split a pudding. You never wrote Elbereth's name. You never violated your personal moral code. Dungeon overview: The Dungeons of Doom: levels 1 to 13 Level 1 a long staircase Level 2 a general store Level 3 a fountain Level 4 Level 5 Level 6 Level 7 Level 8 Level 9 Level 10 Level 11 Level 12 Level 13 <- You were here History has recorded: On T:1 you entered the Dungeons of Doom to retrieve the Amulet of Yendor! On T:4 you reached level 2 of The Dungeons of Doom. On T:7 you reached level 3 of The Dungeons of Doom. On T:9 you reached level 4 of The Dungeons of Doom. On T:11 you reached level 5 of The Dungeons of Doom. On T:13 you reached level 6 of The Dungeons of Doom. On T:16 you reached level 7 of The Dungeons of Doom. On T:18 you reached level 8 of The Dungeons of Doom. On T:20 you reached level 9 of The Dungeons of Doom. On T:22 you reached level 10 of The Dungeons of Doom. On T:26 you reached level 11 of The Dungeons of Doom. On T:28 you reached level 12 of The Dungeons of Doom. On T:31 you reached level 13 of The Dungeons of Doom. Score breakdown: Gold: 0 ( 0 points) Experience: 1 level ( 0 points) Exploration: 13 levels ( 360 points) Discoveries: 0 items ( 0 points) Variety of kills: 0 monsters ( 0 points) Major goal: (nothing yet) ( 0 points) Survival: died (score multiplied by 3) Total score: 1080 Latest messages: That command is only available in debug mode. You have no weapon equipped. You start digging downward. You continue digging downward. You dig a pit in the ground. You continue digging downward. You dig a hole through the ground. You fall through... You start digging downward. You continue digging downward. You dig a pit in the floor. You continue digging downward. You dig a hole through the floor. You fall through... You start digging downward. You continue digging downward. You dig a pit in the floor. You continue digging downward. You dig a hole through the floor. You fall through... You receive a faint telepathic message from Twoflower: Your help is urgently needed at Ankh-Morpork! Look for a ...ic transporter. You couldn't quite make out that last message. The dingo bites! You die... Final status: Aloha FIQ the Tourist, killed by a dingo... You died in The Dungeons of Doom on dungeon level 13 with 1080 points, and 899 pieces of gold, after 31 moves. You were level 1 with a maximum of 9 hit points when you died.